AoeStats
← Juanfreelance

Lombardia

508350618Analyzed
2v2 RM · 10d ago on Sep 22, 2026· 50m 55s· 4 players
Game mode
Random Map
Map size
Medium (4 player)
Population
200
Speed
Normal
Resources
Standard
Victory
Conquest
Starting age
Dark Age
Ending age
Imperial Age
RankedLock teamsTeams togetherTeam positionsShared explorationLock speedFull tech treeHidden civsTurbo modeCheats
Victory
Defeat
🇵🇦 Persians · Panama
1280
+12
🇲🇽 Magyars · Mexico
1279
+12
🇦🇷 Hindustanis · Argentina
1193
-12
🇦🇷 Maya · Argentina
1192
-12
Jonny Nuevo México
5:04 Loom
11:59 Feudal Age
15:48 Castle Age
13:52 Double-Bit Axe
14:24 Horse Collar
15:46 Padded Archer Armor
15:40 Fletching
18:21 Bodkin Arrow
21:21 Bow Saw
24:14 Heavy Plow
27:18 Padded Archer Armor
27:45 Thumb Ring
32:32 Imperial Age
30:38 Wheelbarrow
29:48 Town Watch
31:25 Ballistics
31:17 Masonry
30:48 Treadmill Crane
32:13 Gold Mining
32:14 Stone Mining
32:41 Thumb Ring
33:23 Bracer
34:35 Chemistry
35:49 Hand Cart
35:38 Heavy Cavalry Archer
37:20 Recurve Bow
37:41 Conscription
37:51 Leather Archer Armor
38:25 Parthian Tactics
40:21 Masonry
40:18 Siege Engineers
40:58 Hoardings
41:53 Ring Archer Armor
42:31 Caravan
46:22 Two-Man Saw
45:52 Crop Rotation
46:22 Capped Ram
50:42 Corvinian Army
50:02 Elite Magyar Huszar
50:48 Scale Barding Armor
Juanfreelance
6:04 Loom
9:06 Feudal Age
10:07 Horse Collar
10:56 Double-Bit Axe
15:52 Wheelbarrow
21:45 Castle Age
25:42 Imperial Age
23:54 Gold Mining
24:16 Heavy Plow
24:43 Bow Saw
24:27 Town Watch
25:21 Wheelbarrow
25:35 Cavalier
27:34 Hand Cart
29:07 Crop Rotation
30:30 Town Watch
31:52 Two-Man Saw
31:48 Town Patrol
34:32 Stone Mining
35:17 Gold Shaft Mining
35:43 Elite War Elephant
36:39 Forging
36:34 Scale Barding Armor
37:08 Stone Shaft Mining
38:22 Conscription
38:44 Iron Casting
40:45 Blast Furnace
40:05 Chain Barding Armor
41:53 Chemistry
41:13 Ballistics
42:51 Bloodlines
42:41 Husbandry
44:15 Caravan
44:45 Coinage
45:43 Plate Barding Armor
45:56 Coinage
45:36 Guilds
46:36 Chemistry
Kraken
0:26 Loom
11:03 Feudal Age
13:14 Double-Bit Axe
15:44 Castle Age
14:07 Horse Collar
17:28 Bow Saw
20:34 Fletching
22:23 Town Watch
24:19 Wheelbarrow
25:15 Town Patrol
25:58 Fortified Wall
26:53 Masonry
30:57 Imperial Age
29:35 Hand Cart
29:17 Stone Mining
29:20 Gold Mining
30:47 Stone Shaft Mining
30:19 Heavy Plow
31:17 Bodkin Arrow
31:22 Padded Archer Armor
31:01 Elite Skirmisher
32:57 Chemistry
33:30 Bracer
33:45 Leather Archer Armor
34:20 Conscription
35:41 Thumb Ring
35:43 Hul'che Javelineers
37:33 Ballistics
38:00 Ring Archer Armor
37:41 Forging
42:43 Two-Man Saw
44:18 Scale Mail Armor
44:53 Iron Casting
44:18 Scale Mail Armor
47:48 Blast Furnace
47:03 Chain Mail Armor
46:11 Eagle Warrior
46:54 Squires
48:01 Pikeman
48:03 Elite Eagle Warrior
48:31 Arson
51:18 Hoardings
Lord Shadowlight
7:36 Loom
9:43 Feudal Age
18:02 Castle Age
17:32 Town Watch
21:54 Double-Bit Axe
23:55 Horse Collar
25:27 Bow Saw
26:17 Heavy Plow
28:10 Fortified Wall
28:35 Stone Mining
33:27 Wheelbarrow
39:18 Hand Cart
39:00 Gold Mining
43:01 Imperial Age
41:07 Town Patrol
41:14 Town Patrol
42:48 Forging
42:51 Masonry
42:48 Grand Trunk Road
43:24 Gold Shaft Mining
43:07 Heavy Camel Rider
43:47 Husbandry
43:58 Bloodlines
44:25 Iron Casting
43:57 Scale Barding Armor
44:14 Conscription
44:30 Hoardings
43:56 Light Cavalry
45:08 Chain Barding Armor
44:48 Imperial Camel Rider
46:49 Plate Barding Armor
47:16 Blast Furnace
50:04 Pikeman
50:46 Squires
Connection lost

Rejoining the realm…

Still unreachable

The connection could not be restored.

Session expired

The server has moved on; the page needs a fresh start.